 Dungeon Crawl Stone Soup version 0.22-a0-447-gee5f723 (webtiles) character file.

31 sighowe the Skirmisher (level 3, -4/34 HPs)
             Began as a Deep Dwarf Abyssal Knight on June 4, 2018.
             Was a Follower of Lugonu.
             Slain by a storm dragon zombie (6 damage)
             ... on level 1 of the Abyss.
             The game lasted 00:00:24 (229 turns).

sighowe the Skirmisher (Deep Dwarf Abyssal Knight)   Turns: 229, Time: 00:00:24

Health: -4/34      AC:  3    Str: 16      XL:     3   Next: 7%
Magic:  4/4        EV: 11    Int: 12      God:    Lugonu [*.....]
Gold:   0          SH:  0    Dex:  8 (12) Spells: 2/2 levels left

rFire    . . .     SeeInvis .   a - +1 falchion
rCold    . . .     Gourm    .   (no shield)
rNeg     . . .     Faith    .   b - +0 leather armour
rPois    .         Spirit   .   (no helmet)
rElec    .         Reflect  .   (no cloak)
rCorr    .         Harm     .   (no gloves)
MR       .....                  (no boots)
Stlth    +.........             (no amulet)
HPRegen  0.00/turn              (no ring)
MPRegen  0.09/turn              (no ring)

@: non-regenerating
A: damage resistance, heal wounds, sense surroundings 1, no regeneration
a: Heal Wounds, Depart the Abyss, Renounce Religion


You were on level 1 of the Abyss.
You worshipped Lugonu.
Lugonu was aware of your devotion.
You were not hungry.

You visited 0 branches of the dungeon, and saw 0 of its levels.
You visited the Abyss 1 time.

Inventory:

Hand Weapons
 a - a +1 falchion (weapon)
Armour
 b - a +0 leather armour (worn)
Comestibles
 c - a ration


   Skills:
 + Level 3.2 Fighting
 + Level 2.3 Long Blades
 + Level 2.7 Armour
 + Level 1.5 Dodging
 + Level 2.5 Invocations


You had 2 spell levels left.
You didn't know any spells.
Your spell library was empty.

Dungeon Overview and Level Annotations

Branches:
Dungeon (0/15)

Altars:


Innate Abilities, Weirdness & Mutations

You are resistant to damage.
You can heal yourself by infusing magical energy.
You passively map a small area around you.
You do not regenerate.


Message History

A storm dragon zombie comes into view.
A storm dragon zombie is nearby!
A storm dragon zombie is nearby!
A storm dragon zombie is nearby!
There is a gateway leading out of the Abyss here.
You hit the storm dragon zombie.
The storm dragon zombie is lightly damaged.
The storm dragon zombie bites you! The storm dragon zombie claws you.
* * * LOW HITPOINT WARNING * * *
The storm dragon zombie tramples you.
You hit the storm dragon zombie.
The storm dragon zombie is lightly damaged.
The storm dragon zombie bites you!
* * * LOW HITPOINT WARNING * * *
The storm dragon zombie claws you but does no damage.
The storm dragon zombie tramples you but does no damage.
The storm dragon zombie bites you. The storm dragon zombie claws you.
* * * LOW HITPOINT WARNING * * *
The storm dragon zombie tramples you!
You die...

.. #.#
..##
###
#...
..# ..#
#
#.#..#
#.#
#.##.#
#...@#
.
#.#..Z#
#..#.
..#. ##
#.##..
## ###
. # . #
. . . .
. .


You could see a storm dragon zombie.

Vanquished Creatures
  A quasit (Abyss:1)
1 creature vanquished.

Notes
Turn   | Place    | Note
-------+----------+-------------------------------------------
     0 | Abyss:1  | sighowe the Deep Dwarf Abyssal Knight began the quest for the Orb.
     0 | Abyss:1  | Reached XP level 1. HP: 20/20 MP: 2/2
    54 | Abyss:1  | Noticed a quasit
    76 | Abyss:1  | Killed a quasit
    76 | Abyss:1  | Reached skill level 3 in Fighting
    76 | Abyss:1  | Reached XP level 2. HP: 19/28 MP: 3/3
    76 | Abyss:1  | Reached XP level 3. HP: 23/34 MP: 4/4
   224 | Abyss:1  | Noticed a storm dragon zombie
   229 | Abyss:1  | Slain by a storm dragon zombie

Vault maps used:

Skill      XL: |  1 |
---------------+----+-----
Fighting       | 3 |  3.2
Long Blades    | |  2.3
Armour         | |  2.7
Dodging        | |  1.5
Invocations    | |  2.5

Action                   || total
-------------------------++-------
Melee: Falchion          ||    22
Armor: Leather armour    ||    26
Dodge: Dodged            ||    44
       Rpst.: Falchion   ||     2

Table legend:
 A = Spawn XP
 B = Non-spawn XP
 C = Spawn XP percentage of total XP
 D = Spawn monster count
 E = Non-spawn monster count
 F = Spawn count percentage of total count
 G = Total turns spent on level
                    A         B        C        D         E        F      G
               +---------+---------+-------+---------+---------+-------+---------
         Total |       0 |      45 |   0.0 |       0 |       1 |   0.0 |   229
               +---------+---------+-------+---------+---------+-------+---------
       Abyss:1 |       0 |      45 |   0.0 |       0 |       1 |   0.0 |   229
               +---------+---------+-------+---------+---------+-------+---------
